[Event "Titled Tuesday Blitz August 08 Early 2023"]
[White "Shimanov, Aleksandr"]
[Black "Sokolovsky, Yahli"]
[WhiteFideId "4198603"]
[BlackFideId "2820242"]
[WhiteElo "2911"]
[BlackElo "2691"]
[Result "1-0"]
[Round "10"]
[TimeControl "180+1"]
[Date "2023.08.08"]
[WhiteClock "0:00:16"]
[BlackClock "0:00:00"]
[Board "27"]

1. e4 d6 2. d4 Nf6 3. f3 g6 4. c4 Bg7 5. Nc3 O-O 6. Be3 Nc6 7. Nge2 a6 8. Qd2 e5 9. d5 Na5 10. Ng3 c5 11. dxc6 bxc6 12. Rd1 Be6 13. b3 Nb7 14. Be2 h5 15. O-O h4 16. Nh1 Nh5 17. Nf2 Nf4 18. Rfe1 Qf6 19. Bf1 Rad8 20. Nd3 g5 21. h3 a5 22. Nf2 Nc5 23. Qc1 Bc8 24. Qa3 Qe7 25. Bxc5 dxc5 26. Qxa5 Rd4 27. Na4 Ne6 28. Ng4 Rfd8 29. Rc1 Bb7 30. Ne3 Rd2 31. Nf5 Qf8 32. Re2 Rxe2 33. Bxe2 Nf4 34. Bf1 Ne6 35. Qe1 Bc8 36. Rd1 Nd4 37. Nxd4 cxd4 38. Bd3 Qe7 39. c5 Be6 40. Qd2 Bf8 41. Rc1 Ra8 42. Nb6 Rb8 43. b4 Qa7 44. a4 Be7 45. a5 Bd8 46. Bc4 Qe7 47. Qd3 Bc8 48. Ra1 Bb7 49. a6 Ba8 50. a7 Rxb6 51. cxb6 Bxb6 52. Kh1 Qxb4 53. Qb3 Qc5 54. Bxf7+ Kh8 55. Qe6 Kg7 56. Qg6+ Kf8 57. Qg8+ Ke7 58. Qe8+ Kf6 59. Qxa8 Kxf7 60. Qb7+ 1-0


[Site "https://www.chess.com"]

[Event "Titled Tuesday Blitz August 08 Early 2023"]
[White "Zhigalko, Sergei"]
[Black "Fus, Jakub"]
[WhiteFideId "13502956"]
[BlackFideId "1193023"]
[WhiteElo "2904"]
[BlackElo "2681"]
[Result "1-0"]
[Round "10"]
[TimeControl "180+1"]
[Date "2023.08.08"]
[WhiteClock "0:00:02"]
[BlackClock "0:00:00"]
[Board "28"]

1. e4 e6 2. d4 d5 3. e5 c5 4. c3 Nc6 5. Nf3 Bd7 6. Be2 Nge7 7. Na3 cxd4 8. cxd4 Nf5 9. Nc2 Be7 10. O-O O-O 11. Bd3 f6 12. Bxf5 exf5 13. Bf4 Be8 14. exf6 Bxf6 15. Ne5 Bxe5 16. Bxe5 f4 17. Qg4 Bg6 18. Rac1 Qc8 19. h3 Nxe5 20. dxe5 Bxc2 21. Qe2 f3 22. Qxc2 Qe6 23. Rfe1 fxg2 24. Kxg2 Rf5 25. Re3 Raf8 26. Rf1 Qg6+ 27. Rg3 Qe6 28. Qc7 Qxe5 29. Qxb7 Qe4+ 30. Kg1 R5f7 31. Qb5 h5 32. Qd3 Qf4 33. Qxd5 Qh4 34. Qg5 Qd4 35. Qe3 Qxb2 36. a3 Qf6 37. Kg2 Qf5 38. Kg1 Qc8 39. Qd4 Rf3 40. Rxg7+ 1-0


[Site "https://www.chess.com"]

[Event "Titled Tuesday Blitz August 08 Early 2023"]
[White "Hoang, Thi Bao Tram"]
[Black "Zemlyanskii, Ivan"]
[WhiteFideId "12401102"]
[BlackFideId "24249971"]
[WhiteElo "2677"]
[BlackElo "2898"]
[Result "1-0"]
[Round "10"]
[TimeControl "180+1"]
[Date "2023.08.08"]
[WhiteClock "0:00:09"]
[BlackClock "0:00:00"]
[Board "29"]

1. Nf3 d5 2. g3 Nf6 3. Bg2 c5 4. d4 cxd4 5. Nxd4 e5 6. Nb3 h6 7. O-O Be6 8. c4 Nc6 9. cxd5 Nxd5 10. Nc3 Nxc3 11. bxc3 Qxd1 12. Rxd1 Rc8 13. Be3 b6 14. Nc1 Na5 15. Nd3 Nc4 16. Bc1 f6 17. Nb4 Kf7 18. Nc6 Bc5 19. Bd2 Rc7 20. Be1 Nd6 21. Nb4 Rhc8 22. Na6 Rd7 23. Nxc5 Rxc5 24. Bd2 Nc4 25. Be1 Rxd1 26. Rxd1 Ra5 27. Ra1 Nb2 28. c4 Ra4 29. Bd5 Nxc4 30. Bc6 Ra3 31. Bb4 Na5 32. Bb5 Nc6 33. Bxa3 Nd4 34. Bd3 f5 35. e3 Nf3+ 36. Kf1 Bd5 37. h4 Nh2+ 38. Ke2 Bf3+ 39. Kd2 Bd5 40. Bxf5 e4 41. Rc1 Nf3+ 42. Ke2 g6 43. Bg4 Ne5 44. Bh3 Bc4+ 45. Kd2 Nf3+ 46. Kc3 Bxa2 47. Bb2 a5 48. Bf1 Bd5 49. Bc4 Ke6 50. Bxd5+ Kxd5 51. Rd1+ Kc5 52. Rd8 b5 53. Rc8+ Kb6 54. Rg8 b4+ 55. Kc4 Nd2+ 56. Kd5 a4 57. Bd4+ Kc7 58. Ra8 a3 59. Kc5 b3 60. Rxa3 1-0


[Site "https://www.chess.com"]

[Event "Titled Tuesday Blitz August 08 Early 2023"]
[White "Jones, Gawain C B"]
[Black "Weetik, Vjacheslav"]
[WhiteFideId "409561"]
[BlackFideId "4153472"]
[WhiteElo "2881"]
[BlackElo "2665"]
[Result "1-0"]
[Round "10"]
[TimeControl "180+1"]
[Date "2023.08.08"]
[WhiteClock "0:00:07"]
[BlackClock "0:00:00"]
[Board "30"]

1. e4 c6 2. d4 d5 3. e5 Bf5 4. Nd2 e6 5. Nb3 Nd7 6. Nf3 Bg6 7. Bg5 Be7 8. Be3 Nh6 9. Bxh6 gxh6 10. Qd2 Qb6 11. Bd3 c5 12. dxc5 Nxc5 13. Nxc5 Bxc5 14. O-O Be4 15. Qf4 Bxf3 16. Qxf3 Qxb2 17. Rab1 Qxe5 18. Rfe1 Qg5 19. Rxb7 O-O 20. g3 Rad8 21. h4 Qg7 22. Kg2 Kh8 23. Rxe6 fxe6 24. Rxg7 Rxf3 25. Rxh7+ Kg8 26. Kxf3 Rf8+ 27. Kg4 Rxf2 28. Rxh6 Kf7 29. h5 e5 30. Rc6 Bb6 31. Bg6+ Ke7 32. h6 e4 33. c3 e3 34. h7 Rf8 35. Bd3 Rh8 36. Kf3 Rf8+ 37. Ke2 Rf2+ 38. Ke1 Rh2 39. Rc8 Ba5 40. Rc5 Bb6 41. Rxd5 1-0


[Site "https://www.chess.com"]

[Event "Titled Tuesday Blitz August 08 Early 2023"]
[White "Rychagov, Andrey"]
[Black "Krzyzanowski, Marcin"]
[WhiteFideId "4119932"]
[BlackFideId "1132199"]
[WhiteElo "2665"]
[BlackElo "2798"]
[Result "1-0"]
[Round "10"]
[TimeControl "180+1"]
[Date "2023.08.08"]
[WhiteClock "0:00:19"]
[BlackClock "0:00:08"]
[Board "31"]

1. d4 Nf6 2. c4 e6 3. Nf3 c5 4. d5 b5 5. dxe6 fxe6 6. cxb5 d5 7. e3 Bd6 8. b3 O-O 9. Bb2 Nbd7 10. Nbd2 Bb7 11. Be2 Qe7 12. O-O Rad8 13. Qc2 Bb8 14. e4 d4 15. Bd3 Ng4 16. g3 Rf6 17. h3 Nge5 18. Nxe5 Nxe5 19. f4 Rg6 20. Kh2 h5 21. Nc4 Nxd3 22. Qxd3 h4 23. g4 Rf8 24. e5 Rh6 25. Rf2 Qd7 26. a4 g5 27. Rg1 Qd5 28. Bc1 Rh7 29. Bd2 Rhf7 30. Qg6+ Rg7 31. Qd3 gxf4 32. Rxf4 Rxf4 33. Bxf4 Rf7 34. Qg6+ Kf8 35. Bh6+ Ke8 36. Qg8+ Ke7 37. Bg5+ Kd7 38. Qd8# 1-0


[Site "https://www.chess.com"]

[Event "Titled Tuesday Blitz August 08 Early 2023"]
[White "Mayank Chakraborty"]
[Black "Tarhan, Adar"]
[WhiteFideId "25659766"]
[BlackFideId "34544712"]
[WhiteElo "2796"]
[BlackElo "2663"]
[Result "1-0"]
[Round "10"]
[TimeControl "180+1"]
[Date "2023.08.08"]
[WhiteClock "0:00:32"]
[BlackClock "0:00:27"]
[Board "32"]

1. e4 c5 2. Nf3 d6 3. d4 cxd4 4. Nxd4 Nf6 5. Nc3 a6 6. f3 e5 7. Nb3 Be6 8. Be3 Nbd7 9. Nd5 Nxd5 10. exd5 Bf5 11. Bd3 Bg6 12. c4 Rc8 13. O-O Be7 14. Rc1 Bg5 15. Qe2 Bxe3+ 16. Qxe3 O-O 17. Bxg6 hxg6 18. Rfe1 f5 19. c5 dxc5 20. Nxc5 Qb6 21. b4 Rfe8 22. Qb3 Kh7 23. Kh1 Nf6 24. Ne6 Qf2 25. Ng5+ Kh6 26. Nf7+ Kh5 27. Qd1 Rxc1 28. Qxc1 f4 29. d6 Rc8 30. Rxe5+ Kh4 31. Qxf4+ Ng4 32. Rh5+ gxh5 33. g3+ Kh3 34. Ng5# 1-0


[Site "https://www.chess.com"]

[Event "Titled Tuesday Blitz August 08 Early 2023"]
[White "Freitag, Manfred"]
[Black "Bauman_Guy"]
[WhiteFideId "1602004"]
[WhiteElo "2648"]
[BlackElo "2795"]
[Result "0-1"]
[Round "10"]
[TimeControl "180+1"]
[Date "2023.08.08"]
[WhiteClock "0:01:19"]
[BlackClock "0:02:07"]
[Board "33"]

1. e4 c5 2. Nf3 e6 3. d4 cxd4 4. Nxd4 Nc6 5. Nc3 Nf6 6. Ndb5 Bc5 7. Be3 Bxe3 8. Nd6+ Ke7 9. fxe3 a6 10. Qd2 Qc7 11. O-O-O b5 12. a3 Rb8 13. g4 h6 14. h4 Nxg4 15. Rg1 h5 16. Be2 Nce5 17. Nf5+ Kf8 18. Nd6 f6 19. Bxg4 hxg4 20. Qf2 Rb6 21. Nxc8 Qxc8 22. Ne2 b4 23. axb4 Rxb4 24. Rd4 Rxd4 25. exd4 Nd3+ 0-1


[Site "https://www.chess.com"]

[Event "Titled Tuesday Blitz August 08 Early 2023"]
[White "Rahman, Masruri"]
[Black "Ovchinnikov, Vsevolod"]
[WhiteFideId "7101163"]
[BlackFideId "24176842"]
[WhiteElo "2784"]
[BlackElo "2643"]
[Result "1-0"]
[Round "10"]
[TimeControl "180+1"]
[Date "2023.08.08"]
[WhiteClock "0:01:27"]
[BlackClock "0:00:00"]
[Board "34"]

1. d4 Nf6 2. Bf4 g6 3. Nc3 Bg7 4. e4 d6 5. f3 Nc6 6. Qd2 Nh5 7. Be3 e5 8. Nge2 f5 9. exf5 gxf5 10. d5 Ne7 11. Bh6 Ng6 12. Bxg7 Nxg7 13. h4 h5 14. O-O-O Nxh4 15. f4 e4 16. Qd4 Rh7 17. Qc4 a6 18. Nxe4 Ng6 19. Ng5 Rh8 20. Qc3 Kf8 21. g3 Bd7 22. Nd4 Rc8 23. Bd3 Kg8 24. Nde6 Qe7 25. Rde1 Rh6 26. Nc5 Qd8 27. Nxd7 Qxd7 28. Qf6 Rf8 29. Qc3 h4 30. Ne6 Rf7 31. gxh4 Rxh4 32. Rhg1 Rh6 33. Re2 Re7 34. Reg2 Nxe6 35. Bxf5 Qe8 36. Bxg6 Rxg6 37. Rxg6+ 1-0


[Site "https://www.chess.com"]

[Event "Titled Tuesday Blitz August 08 Early 2023"]
[White "Cherniaiev, Tykhon"]
[Black "Erzhanov, Arman"]
[WhiteFideId "14182360"]
[BlackFideId "4138821"]
[WhiteElo "2776"]
[BlackElo "2638"]
[Result "1-0"]
[Round "10"]
[TimeControl "180+1"]
[Date "2023.08.08"]
[WhiteClock "0:01:44"]
[BlackClock "0:01:15"]
[Board "35"]

1. Nf3 d6 2. d4 g6 3. g3 Bg7 4. Bg2 Nd7 5. O-O e5 6. c4 Ne7 7. Nc3 O-O 8. b3 exd4 9. Nb5 a6 10. Na3 d3 11. Rb1 dxe2 12. Qxe2 Nc5 13. Bb2 Bf5 14. Rbd1 Bd3 15. Rxd3 Bxb2 16. Re3 Bxa3 17. Rxe7 Re8 18. Re1 Bb4 19. Rxe8+ Qxe8 20. Qxe8+ Rxe8 21. Rxe8+ 1-0


[Site "https://www.chess.com"]

[Event "Titled Tuesday Blitz August 08 Early 2023"]
[White "Materia, Marco"]
[Black "Garcia Ramos, Daniel"]
[WhiteFideId "45150451"]
[BlackFideId "32010311"]
[WhiteElo "2750"]
[BlackElo "2635"]
[Result "1-0"]
[Round "10"]
[TimeControl "180+1"]
[Date "2023.08.08"]
[WhiteClock "0:01:26"]
[BlackClock "0:00:01"]
[Board "36"]

1. d4 d5 2. c4 e6 3. Nf3 Nf6 4. Nc3 dxc4 5. e3 a6 6. a4 Bb4 7. Bxc4 O-O 8. O-O b6 9. Ne5 Bb7 10. Qe2 Qe7 11. Nd3 Bxc3 12. bxc3 Nbd7 13. Ba3 c5 14. a5 Ne4 15. axb6 Nxc3 16. Qh5 Ne4 17. dxc5 g6 18. c6 Qxa3 19. Rxa3 gxh5 20. cxb7 Rab8 21. Bxa6 Ndc5 22. Nxc5 Nxc5 23. Rb1 Nxb7 24. Bxb7 Rxb7 25. Ra7 Rfb8 26. Rxb7 Rxb7 27. g3 Kf8 28. Kg2 Ke7 29. Kh3 Kf6 30. Kh4 Kg6 31. Rb5 f6 32. f4 h6 33. e4 e5 34. f5+ Kg7 35. Kxh5 Kh7 36. h4 Kg7 37. g4 Kh7 38. g5 hxg5 39. hxg5 Kg7 40. Kg4 Kf7 41. gxf6 Kxf6 42. Kf3 Kg5 43. Ke3 Kf6 44. Kd3 Ke7 45. Rxe5+ Kf6 46. Rb5 Kg5 47. Ke3 Kg4 48. f6 1-0


[Site "https://www.chess.com"]

[Event "Titled Tuesday Blitz August 08 Early 2023"]
[White "Domingo Nunez, Ruben"]
[Black "Tanenbaum, Zachary"]
[WhiteFideId "22245570"]
[BlackFideId "2060850"]
[WhiteElo "2633"]
[BlackElo "2749"]
[Result "1-0"]
[Round "10"]
[TimeControl "180+1"]
[Date "2023.08.08"]
[WhiteClock "0:00:25"]
[BlackClock "0:00:01"]
[Board "37"]

1. b3 e5 2. Bb2 Nc6 3. e3 a6 4. c4 Nf6 5. Nc3 Bc5 6. Nf3 O-O 7. d4 exd4 8. exd4 Re8+ 9. Be2 Bb4 10. O-O d5 11. a3 Bxc3 12. Bxc3 Ne4 13. Bb2 Bg4 14. Ne5 Nxe5 15. dxe5 Bxe2 16. Qxe2 Nc5 17. Rad1 c6 18. Qf3 Qb6 19. Bd4 a5 20. cxd5 cxd5 21. Rc1 Rac8 22. Qxd5 Red8 23. Bxc5 Qb5 24. Qc4 Qc6 25. Qf4 Qd5 26. b4 a4 27. h3 Rc6 28. Rfd1 Qxd1+ 29. Rxd1 Rxd1+ 30. Kh2 b6 31. Qf3 bxc5 32. Qxc6 h5 33. Qxc5 g6 34. b5 h4 35. b6 Rb1 36. b7 g5 37. Qc8+ Kg7 38. b8=Q Rxb8 39. Qxb8 1-0


[Site "https://www.chess.com"]

[Event "Titled Tuesday Blitz August 08 Early 2023"]
[White "Tregubov, Pavel V."]
[Black "Mekhitarian, Krikor Sevag"]
[WhiteFideId "4115341"]
[BlackFideId "2107660"]
[WhiteElo "2633"]
[BlackElo "2745"]
[Result "1-0"]
[Round "10"]
[TimeControl "180+1"]
[Date "2023.08.08"]
[WhiteClock "0:00:20"]
[BlackClock "0:00:01"]
[Board "38"]

1. e4 e6 2. d4 d5 3. e5 c5 4. c3 Nc6 5. Nf3 Bd7 6. Be2 cxd4 7. cxd4 Nge7 8. O-O Nf5 9. Nc3 Rc8 10. a3 a6 11. Qd3 Be7 12. Rd1 O-O 13. Bf4 b5 14. b4 a5 15. bxa5 Qxa5 16. Nxb5 Rb8 17. Rab1 Na7 18. Nxa7 Qxa7 19. g4 Nh6 20. h3 f5 21. exf6 Rxb1 22. Rxb1 Rxf6 23. Rb8+ Rf8 24. Rxf8+ Bxf8 25. Ng5 g6 26. Nf3 Nf7 27. Bc1 Qa4 28. Bd1 Qa5 29. Qd2 Qa6 30. Qc3 Bb5 31. Kg2 Bd3 32. Nd2 Nd6 33. a4 Bg7 34. Ba3 Ne4 35. Nxe4 Bxe4+ 36. Bf3 Bxf3+ 37. Kxf3 Qxa4 38. Qc8+ Kf7 39. Qc7+ Kg8 40. Qd8+ Kf7 41. Qe7+ Kg8 42. Qxe6+ 1-0


[Site "https://www.chess.com"]

[Event "Titled Tuesday Blitz August 08 Early 2023"]
[White "Fiorito, Joaquin"]
[Black "Sharavdorj, Dashzegve"]
[WhiteFideId "180173"]
[BlackFideId "4900340"]
[WhiteElo "2739"]
[BlackElo "2628"]
[Result "0-1"]
[Round "10"]
[TimeControl "180+1"]
[Date "2023.08.08"]
[WhiteClock "0:00:00"]
[BlackClock "0:00:28"]
[Board "39"]

1. d4 Nf6 2. Nc3 g6 3. e4 d6 4. Be3 Bg7 5. Qd2 O-O 6. f3 Nc6 7. Nge2 e5 8. d5 Ne7 9. g4 c6 10. O-O-O cxd5 11. exd5 b5 12. g5 Nh5 13. Ng3 Nf4 14. Bxb5 Rb8 15. Bc4 Qa5 16. Nce4 Qc7 17. Bb3 Bb7 18. Nc3 Rfc8 19. Nb5 Qd7 20. Nxa7 Rd8 21. c4 Ba6 22. Kb1 Rb7 23. Nc6 Nxc6 24. dxc6 Qxc6 25. Ne4 Bxc4 26. Rc1 d5 27. Rxc4 Qe8 28. Rd1 Rbb8 29. Rc7 Ne6 30. Ra7 dxe4 31. Qc2 Nd4 32. Bxd4 Rxb3 33. Qxb3 exd4 34. fxe4 Qxe4+ 35. Ka1 Qf5 36. h4 d3 37. Re7 Qf3 38. Ree1 Qg3 39. Rf1 Rb8 40. Qxf7+ Kh8 41. Rb1 Qg2 42. Qf2 Qb7 43. Qd2 Qb5 44. Rf3 Rd8 45. Rd1 h5 46. Rb1 Kh7 47. Rff1 Qc4 48. Rfd1 Ra8 0-1


[Site "https://www.chess.com"]

[Event "Titled Tuesday Blitz August 08 Early 2023"]
[White "Moskvin, Anatoly"]
[Black "splendidkid"]
[WhiteFideId "24199990"]
[WhiteElo "2611"]
[BlackElo "2736"]
[Result "1-0"]
[Round "10"]
[TimeControl "180+1"]
[Date "2023.08.08"]
[WhiteClock "0:00:12"]
[BlackClock "0:00:00"]
[Board "40"]

1. e4 c5 2. Nf3 d6 3. d4 cxd4 4. Nxd4 Nf6 5. f3 Nc6 6. c4 Qb6 7. Nc2 g6 8. Nc3 Bg7 9. Rb1 Ng4 10. Qd2 Bh6 11. f4 O-O 12. Nd5 Qd8 13. h3 Nf6 14. Nxf6+ exf6 15. Bd3 Qb6 16. Qe2 Qa5+ 17. Bd2 Qxa2 18. O-O Qb3 19. Bc3 Bg7 20. Ne3 Ne7 21. Kh1 Bd7 22. f5 Rae8 23. Qf2 a6 24. Ng4 Nc6 25. Qh4 g5 26. Nxf6+ Bxf6 27. Qh6 Qxc3 28. bxc3 Bg7 29. Qh5 f6 30. Rxb7 Ne5 31. c5 dxc5 32. Bxa6 Ra8 33. Bb5 Bxb5 34. Rxb5 Rfc8 35. Qd1 Kh8 36. Qd5 c4 37. Rfb1 h6 38. Qd6 Rd8 39. Rb8 1-0


[Site "https://www.chess.com"]

[Event "Titled Tuesday Blitz August 08 Early 2023"]
[White "Aevengho"]
[Black "Prohaszka, Peter"]
[BlackFideId "726265"]
[WhiteElo "2608"]
[BlackElo "2730"]
[Result "1-0"]
[Round "10"]
[TimeControl "180+1"]
[Date "2023.08.08"]
[WhiteClock "0:00:06"]
[BlackClock "0:00:01"]
[Board "41"]

1. e4 c6 2. Nc3 d5 3. Nf3 dxe4 4. Nxe4 Nf6 5. Ng3 g6 6. d4 Bg7 7. Bg5 Qa5+ 8. Bd2 Qb6 9. b3 c5 10. dxc5 Qxc5 11. Bd3 Ng4 12. O-O Bxa1 13. Qxa1 Nf6 14. Ne4 Qb6 15. Nxf6+ exf6 16. Re1+ Kd8 17. Be3 Qd6 18. Bxg6 Bd7 19. Rd1 Qe7 20. Bd4 Kc8 21. Bxf6 Qe8 22. Bxh8 hxg6 23. Re1 Be6 24. Bf6 Nc6 25. Nd4 Nxd4 26. Qxd4 b6 27. Qe4 Rb8 28. Be5 Rb7 29. Re3 Qe7 30. Rc3+ Kd8 31. h3 Ke8 32. Qf3 f5 33. Re3 Kf7 34. Qf4 g5 35. Qd4 Rd7 36. Qc3 f4 37. Rd3 Rd5 38. Rxd5 Bxd5 39. Qd4 Qe6 40. c4 Bb7 41. f3 Kg6 42. Kh2 Kh5 43. Bb8 Kg6 44. Bxa7 Qe2 45. Qxb6+ Kh5 46. Qxb7 Qc2 47. Qf7+ Kh4 48. Bf2+ Qxf2 49. Qh7# 1-0


[Site "https://www.chess.com"]

[Event "Titled Tuesday Blitz August 08 Early 2023"]
[White "Thecourseoisildur"]
[Black "Timmermans, Mark"]
[BlackFideId "1026399"]
[WhiteElo "2607"]
[BlackElo "2728"]
[Result "0-1"]
[Round "10"]
[TimeControl "180+1"]
[Date "2023.08.08"]
[WhiteClock "0:00:00"]
[BlackClock "0:00:30"]
[Board "42"]

1. d4 Nf6 2. c4 e6 3. Nf3 d5 4. g3 Be7 5. Bg2 O-O 6. O-O dxc4 7. Qc2 b5 8. a4 b4 9. Qxc4 Ba6 10. Qc2 Nbd7 11. b3 c5 12. Bb2 Rc8 13. Qd1 cxd4 14. Nxd4 Nc5 15. Nd2 Qb6 16. a5 Qc7 17. Nc6 Bb5 18. Nd4 Ba6 19. Nc6 Bb7 20. Be5 Bd6 21. Bxd6 Qxd6 22. Nxb4 Bxg2 23. Kxg2 Nxb3 24. Qxb3 Qxd2 25. Ra2 Qg5 26. Qf3 Rc4 27. Nc2 Nd5 28. Ne3 Rc3 29. Rb1 Nxe3+ 30. fxe3 Rxe3 31. Qb7 Qe5 32. Rbb2 Qh5 33. Qxa7 Qe5 34. Qb7 h5 35. a6 h4 36. a7 h3+ 0-1


[Site "https://www.chess.com"]

[Event "Titled Tuesday Blitz August 08 Early 2023"]
[White "Csonka, Balazs"]
[Black "Liyanage, Ranindu Dilshan"]
[WhiteFideId "742910"]
[BlackFideId "9915834"]
[WhiteElo "2725"]
[BlackElo "2603"]
[Result "1/2-1/2"]
[Round "10"]
[TimeControl "180+1"]
[Date "2023.08.08"]
[WhiteClock "0:00:05"]
[BlackClock "0:00:08"]
[Board "43"]

1. e4 c5 2. Nf3 Nc6 3. Nc3 Nf6 4. d4 cxd4 5. Nxd4 e5 6. Ndb5 d6 7. Bg5 a6 8. Na3 b5 9. Bxf6 gxf6 10. Nd5 Bg7 11. Bd3 Ne7 12. Nxe7 Qxe7 13. c4 O-O 14. O-O Bb7 15. Qf3 Rfd8 16. Nc2 bxc4 17. Bxc4 Rac8 18. Ne3 Rxc4 19. Nxc4 d5 20. Ne3 dxe4 21. Qg4 Kh8 22. Rfd1 Bf8 23. Nf5 Qc7 24. Rxd8 Qxd8 25. Rd1 Qc7 26. Qh4 Qb6 27. Rd6 Qxb2 28. Qxf6+ Kg8 29. h3 Qc1+ 30. Kh2 Qf4+ 31. Kg1 Qc1+ 32. Kh2 Qf4+ 33. Ng3 Bxd6 34. Qxd6 Kg7 35. Kg1 Qc1+ 36. Kh2 Qf4 37. Kg1 Qc1+ 38. Kh2 Qf4 1/2-1/2


[Site "https://www.chess.com"]

[Event "Titled Tuesday Blitz August 08 Early 2023"]
[White "Alex_Sahakyan2006"]
[Black "Vlassov, Nikolai"]
[BlackFideId "4103360"]
[WhiteElo "2724"]
[BlackElo "2603"]
[Result "1-0"]
[Round "10"]
[TimeControl "180+1"]
[Date "2023.08.08"]
[WhiteClock "0:00:12"]
[BlackClock "0:00:00"]
[Board "44"]

1. e4 Nc6 2. Nf3 d5 3. exd5 Qxd5 4. Nc3 Qa5 5. Bb5 Bd7 6. O-O a6 7. Be2 Bg4 8. b4 Nxb4 9. Rb1 O-O-O 10. Ne5 Qxe5 11. Bxg4+ e6 12. Bf3 Nf6 13. Bxb7+ Kxb7 14. a3 Bd6 15. g3 h5 16. axb4 h4 17. Qf3+ Kc8 18. b5 hxg3 19. hxg3 a5 20. b6 Nd5 21. bxc7 Bxc7 22. Nb5 Qh5 23. Qxh5 Rxh5 24. d3 Rdh8 25. Kg2 Rh2+ 26. Kf3 Kd7 27. Nxc7 Kxc7 28. Rb5 R8h5 29. Rxa5 Rf5+ 30. Bf4+ Kb6 31. Rfa1 g5 32. c4 gxf4 33. g4 Rg5 34. cxd5 Rxd5 35. Rxd5 exd5 36. Ra2 Kc5 37. Ra4 Rh3+ 38. Ke2 f3+ 39. Ke3 f6 40. Rf4 Rh4 41. Kxf3 Rh3+ 42. Ke2 d4 43. Rxf6 Kd5 44. Rf5+ Ke6 45. Ra5 Rh1 46. Kf3 Re1 47. Kf4 Re2 48. Kf3 Re1 49. g5 1-0


[Site "https://www.chess.com"]

[Event "Titled Tuesday Blitz August 08 Early 2023"]
[White "Akobian, Varuzhan"]
[Black "Vyatkin, Dmitry"]
[WhiteFideId "13300580"]
[BlackFideId "4171900"]
[WhiteElo "2720"]
[BlackElo "2541"]
[Result "1-0"]
[Round "10"]
[TimeControl "180+1"]
[Date "2023.08.08"]
[WhiteClock "0:01:05"]
[BlackClock "0:00:00"]
[Board "45"]

1. d4 Nf6 2. c4 g6 3. Nf3 Bg7 4. Nc3 d6 5. Bg5 h6 6. Bf4 g5 7. Bd2 c5 8. d5 Bf5 9. h4 g4 10. Ng1 Nbd7 11. f3 h5 12. e4 Bg6 13. Nge2 Ne5 14. Nf4 Bh7 15. Be2 a6 16. a4 Qb6 17. Qc2 O-O 18. a5 Qc7 19. O-O Rae8 20. Nd1 e6 21. Ne3 Qd7 22. Nd3 exd5 23. Nxe5 Rxe5 24. cxd5 Nxd5 25. Nxd5 Rxd5 26. Bc4 Re5 27. Bc3 g3 28. Qd2 Qe7 29. Qf4 Kh8 30. Qxg3 Rg8 31. Qf4 Bf6 32. Rad1 Bxh4 33. Rxd6 1-0


[Site "https://www.chess.com"]

[Event "Titled Tuesday Blitz August 08 Early 2023"]
[White "Morefield, Jason"]
[Black "arenal72"]
[WhiteFideId "30920825"]
[WhiteElo "2701"]
[BlackElo "2512"]
[Result "1-0"]
[Round "10"]
[TimeControl "180+1"]
[Date "2023.08.08"]
[WhiteClock "0:00:25"]
[BlackClock "0:01:08"]
[Board "46"]

1. e4 Nc6 2. Nf3 d6 3. d4 Nf6 4. Nc3 g6 5. Bb5 Bg7 6. d5 a6 7. Ba4 b5 8. Nxb5 axb5 9. Bxb5 O-O 10. Bxc6 Rb8 11. Qe2 e6 12. O-O exd5 13. exd5 Rb6 14. c4 Ba6 15. Be3 Rxc6 16. dxc6 d5 17. b3 Ne4 18. Rad1 Nc3 19. Qc2 Nxd1 20. Rxd1 Qa8 21. cxd5 Rd8 22. h3 Bc8 23. a4 Qa5 24. Bc5 Bf5 25. Qc4 Qc3 26. Qxc3 Bxc3 27. d6 cxd6 28. Rxd6 Rc8 29. b4 Bc2 30. a5 Ba4 31. c7 Rxc7 32. Rd8+ Kg7 33. Bd4+ Bxd4 34. Nxd4 Rc4 35. a6 Rxb4 36. a7 1-0


[Site "https://www.chess.com"]

[Event "Titled Tuesday Blitz August 08 Early 2023"]
[White "Demchenko, Anton"]
[Black "Sagita, Catur Adi"]
[WhiteFideId "4160258"]
[BlackFideId "7104618"]
[WhiteElo "2881"]
[BlackElo "2659"]
[Result "1-0"]
[Round "10"]
[TimeControl "180+1"]
[Date "2023.08.08"]
[WhiteClock "0:00:02"]
[BlackClock "0:00:00"]
[Board "47"]

1. e4 c5 2. Nf3 d6 3. d4 cxd4 4. Nxd4 Nf6 5. Nc3 a6 6. Nb3 g6 7. Be3 Bg7 8. Qd2 Nc6 9. f3 O-O 10. O-O-O Ne5 11. Bh6 b5 12. h4 b4 13. Nd5 Be6 14. Bxg7 Kxg7 15. h5 Bxd5 16. exd5 a5 17. hxg6 fxg6 18. Nd4 Qb6 19. Ne6+ Kg8 20. Nxf8 Rxf8 21. Rh4 Rb8 22. Be2 a4 23. Kb1 Qf2 24. Rd4 Qxg2 25. f4 Ned7 26. Qe3 Kf8 27. Re1 b3 28. Bd3 bxc2+ 29. Bxc2 a3 30. Qxa3 Nc5 31. Qe3 Rb7 32. Rg1 Qh2 33. f5 gxf5 34. Rd2 Qh5 35. Rf2 Ke8 36. Rxf5 Qh4 37. Rf4 Qh6 38. Qf2 Nxd5 39. Rh4 Qe6 40. Rd4 Nc3+ 41. Kc1 Nxa2+ 42. Kd2 Nb4 43. Bf5 Qh6+ 44. Qf4 Qxf4+ 45. Rxf4 Nd5 46. Rfg4 Rxb2+ 47. Kc1 1-0


[Site "https://www.chess.com"]

[Event "Titled Tuesday Blitz August 08 Early 2023"]
[White "Zeynalli, Rashad"]
[Black "Sethuraman, S.P."]
[WhiteFideId "13403320"]
[BlackFideId "5021596"]
[WhiteElo "2652"]
[BlackElo "2790"]
[Result "1-0"]
[Round "10"]
[TimeControl "180+1"]
[Date "2023.08.08"]
[WhiteClock "0:00:08"]
[BlackClock "0:00:02"]
[Board "48"]

1. e4 c5 2. Nf3 Nc6 3. Bb5 e5 4. c3 Bd6 5. O-O a6 6. Ba4 b5 7. Bc2 Nge7 8. a4 Bb7 9. d4 Qc7 10. d5 Na5 11. Nh4 O-O 12. Re1 c4 13. Be3 Kh8 14. Qh5 g6 15. Qg4 Nb3 16. Bxb3 cxb3 17. axb5 f5 18. exf5 gxf5 19. Qh5 Bxd5 20. Bg5 Kg8 21. Bxe7 Bxe7 22. Nxf5 Bf6 23. Ra4 Kh8 24. bxa6 Rg8 25. Rg4 Rxg4 26. Qxg4 Rg8 27. Qb4 Rxg2+ 28. Kf1 Rg8 29. Nd2 Qc6 30. Qd6 Bg2+ 31. Ke2 Bf3+ 32. Nxf3 Qe4+ 33. Ne3 Bg7 34. Rg1 Rf8 35. Ng5 Qf4 36. f3 e4 37. Qxf4 Rxf4 38. Nxe4 1-0


[Site "https://www.chess.com"]

[Event "Titled Tuesday Blitz August 08 Early 2023"]
[White "Saya, Ethan"]
[Black "Lysyj, Igor"]
[WhiteFideId "26095181"]
[BlackFideId "4150120"]
[WhiteElo "2632"]
[BlackElo "2778"]
[Result "0-1"]
[Round "10"]
[TimeControl "180+1"]
[Date "2023.08.08"]
[WhiteClock "0:00:23"]
[BlackClock "0:01:47"]
[Board "49"]

1. d4 d5 2. c4 e6 3. Nc3 c5 4. cxd5 exd5 5. Nf3 Nc6 6. g3 Nf6 7. Bg2 cxd4 8. Nxd4 Bc5 9. Nb3 Bb4 10. O-O Bxc3 11. bxc3 O-O 12. Bg5 h6 13. Bxf6 Qxf6 14. Qxd5 Qxc3 15. Qc5 Qb2 16. e3 Be6 17. Rfb1 Qf6 18. Bxc6 bxc6 19. Qxc6 Rac8 20. Qb7 Rc2 21. Rf1 Bh3 22. Nd4 Rd2 23. Qxa7 Rxd4 24. Qxd4 Qf3 25. Qe4 Qxe4 0-1


[Site "https://www.chess.com"]